 Dungeon Crawl Stone Soup version 0.23-a0-422-g30b1108 (webtiles) character file.

128 GizzardofKazz the Shield-Bearer (level 4, -8/35 HPs)
             Began as a Demonspawn Fighter on Nov 15, 2018.
             Killed by divine providence
             ... invoked by an orc priest
              (12 damage)
             ... on level 3 of the Dungeon.
             The game lasted 00:05:12 (2474 turns).

GizzardofKazz the Shield-Bearer (DsFi)              Turns: 2474, Time: 00:05:12

Health: -8/35      AC:  8    Str: 16    XL:     4   Next: 87%
Magic:  4/4        EV:  9    Int: 10    God:
Gold:   85         SH:  0    Dex: 13    Spells: 3/3 levels left

rFire    . . .     SeeInvis .   a - +0 long sword
rCold    . . .     Gourm    .   (no shield)
rNeg     . . .     Faith    .   b - +0 scale mail
rPois    .         Spirit   .   x - +0 helmet
rElec    .         Reflect  .   (no cloak)
rCorr    .         Harm     .   r - +0 pair of gloves
MR       .....                  (no boots)
Stlth    ..........             (no amulet)
HPRegen  0.11/turn              (no ring)
MPRegen  0.09/turn              (no ring)

@: no status effects
A: hooves 1, demonic guardian 1, powered by death 1
a: no special abilities


You were on level 3 of the Dungeon.
You were not hungry.

You visited 1 branch of the dungeon, and saw 3 of its levels.

You collected 85 gold pieces.

Inventory:

Hand Weapons
 a - a +0 long sword (weapon)
Armour
 b - a +0 scale mail (worn)
 c - a +0 shield
 r - a +0 pair of gloves (worn)
 x - a +0 helmet (worn)
Wands
 z - a wand of flame (17)
Scrolls
 h - 3 scrolls of teleportation {unknown}
 j - 2 scrolls of blinking {unknown}
 k - a scroll of remove curse {unknown}
 l - a scroll of amnesia {unknown}
 m - a scroll of enchant armour {unknown}
 n - a scroll of enchant weapon {unknown}
 p - a scroll of fog {unknown}
 q - a scroll of fear {unknown}
 t - a scroll of magic mapping {unknown}
 u - a scroll of immolation {unknown}
 w - a scroll of noise {unknown}
 y - a scroll of identify {unknown}
Potions
 d - a potion of might
 e - a potion of agility
 g - a potion of resistance {unknown}
 i - a potion of haste {unknown}
 o - a potion of lignification
 v - 2 potions of curing {unknown}
Comestibles
 f - 2 rations
 s - 4 chunks of flesh


   Skills:
 - Level 3.0 Fighting
 + Level 3.5 Long Blades
 - Level 2.6 Armour
 + Level 4.0 Shields


You had 3 spell levels left.
You didn't know any spells.
Your spell library was empty.

Dungeon Overview and Level Annotations

Branches:
Dungeon (3/15)

Altars:
Cheibriados
Fedhas
Hepliaklqana
Nemelex Xobeh
Vehumet


Innate Abilities, Weirdness & Mutations

You have large cloven feet.
A weak demonic guardian rushes to your aid.
You regenerate a little health from kills.


Message History

The orc priest is severely wounded.
The orc priest hits you with a +0 flail!
The orc completely misses you. The orc hits you but does no damage.
You swap places.
The orc priest barely misses your white imp.
The orc hits your white imp but does no damage.
Your white imp barely misses the orc.
The orc hits your white imp but does no damage.
The orc hits your white imp but does no damage.
The orc priest closely misses your white imp.
Your white imp closely misses the orc.
Something hits your white imp.
Your white imp disappears in a puff of smoke!
The orc priest calls down the wrath of Beogh upon you.
Beogh smites you!
* * * LOW HITPOINT WARNING * * *
You swap places.
Your shadow imp hits the orc.
The orc hits your shadow imp with a +0 short sword.
The orc priest invokes the aid of Beogh against you.
Beogh smites you!
You die...

#...####.### #
##o## #...# ###
#.# #.#o# #.. #.#
###'# ##.# #o#
#.oo..# #... #o#
#.........##.#
#5##..⌠.....⌠..#.#
#.##.....8.....#.#
#@###._.###._.##.#
#.# #### #####.#
#.# #######...
#.#######.......#.
#.##.(....#####...
#.......########.#
####.............#
#....##########
#.#.##


You could see an orc priest, 2 orcs and a friendly shadow imp.

Vanquished Creatures
  3 adders
  3 worms
  3 dart slugs
  4 leopard geckos
  7 bats
  6 giant cockroaches
  6 goblins
  8 hobgoblins
  5 jackals (D:1)
  A quokka (D:3)
  4 frilled lizards
  5 kobolds
  5 rats
60 creatures vanquished.

Vanquished Creatures (collateral kills)
  A crimson imp (D:3)
1 creature vanquished.

Vanquished Creatures (others)
  An ooze (D:2)
  A hobgoblin (D:2)
2 creatures vanquished.

Grand Total: 63 creatures vanquished

Notes
Turn   | Place    | Note
-------+----------+-------------------------------------------
     0 | D:1      | GizzardofKazz the Demonspawn Fighter began the quest for
                  | the Orb.
     0 | D:1      | Reached XP level 1. HP: 18/18 MP: 1/1
   138 | D:1      | Reached skill level 3 in Shields
   138 | D:1      | Gained mutation: You have large cloven feet. [demonic
                  | ancestry]
   138 | D:1      | Reached XP level 2. HP: 23/24 MP: 2/2
   549 | D:1      | Gained mutation: You regenerate a little health from kills.
                  | [demonic ancestry]
   549 | D:1      | Reached XP level 3. HP: 16/29 MP: 3/3
  1573 | D:2      | Gained mutation: A weak demonic guardian rushes to your
                  | aid. [demonic ancestry]
  1573 | D:2      | Reached XP level 4. HP: 28/35 MP: 4/4
  1795 | D:2      | Found a radiant altar of Vehumet.
  2030 | D:2      | Found a sparkling altar of Nemelex Xobeh.
  2322 | D:3      | Reached skill level 4 in Shields
  2332 | D:3      | Found a snail-covered altar of Cheibriados.
  2452 | D:3      | Found a blossoming altar of Fedhas.
  2453 | D:3      | Found a hazy altar of Hepliaklqana.
  2474 | D:3      | Killed from afar by an orc priest

Vault maps used:
D:1:      saegor_arrival_miasma, chequers_serial_rivers_room_b, minmay_cut_off
D:2:      fiery_altar_vehumet, nemelex_xobeh_ov_fountains_minmay
D:3:      kiku_gazebo_pond_becter, overflow_temple_1_default,
          gammafunk_temple_overflow_pools, first_ration

Skill      XL: |  1  2  3  4 |
---------------+-------------+-----
Long Blades    | 2 3 |  3.5
Shields        | 3 4 |  4.0
Fighting       | |  3.0
Armour         | |  2.6

Action                   |  1- 3 |  4- 6 || total
-------------------------+-------+-------++-------
Melee: Long sword        |   101 |    87 ||   188
       Kick              |    23 |    21 ||    44
  Use: Potion            |     2 |       ||     2
  Eat: Chunk             |     2 |     3 ||     5
Armor: Scale mail        |    65 |    40 ||   105
Dodge: Dodged            |    66 |    43 ||   109
       Rpst.: Long sword |    21 |    10 ||    31

Table legend:
 A = Non-vault XP
 B = Vault XP
 C = Vault XP percentage of total XP
 D = Non-vault monster count
 E = Vault monster count
 F = Vault count percentage of total count
                 A         B        C        D         E       F
            +---------+---------+-------+---------+---------+-------
      Total |     178 |       6 |   3.3 |      58 |       3 |   4.9
            +---------+---------+-------+---------+---------+-------
        D:1 |      51 |       6 |  10.5 |      28 |       3 |   9.7
        D:2 |      72 |       0 |   0.0 |      21 |       0 |   0.0
        D:3 |      55 |       0 |   0.0 |       9 |       0 |   0.0
            +---------+---------+-------+---------+---------+-------
